 Dungeon Crawl Stone Soup version 0.21.1-1-g345015f (webtiles) character file.

329 shakethe the Insei (level 6, -1/38 HPs)
             Began as an Octopode Transmuter on Feb 7, 2018.
             Slain by an adder zombie (4 damage)
             ... in an ossuary.
             The game lasted 00:17:53 (4990 turns).

shakethe the Insei (Octopode Transmuter)            Turns: 4990, Time: 00:17:54

Health: -1/38      AC:  1    Str:  9    XL:     6   Next: 50%
Magic:  10/10      EV: 14    Int: 16    God:
Gold:   208        SH:  0    Dex: 14    Spells: 7/11 levels left

rFire    . . .     SeeInvis .     - Unarmed
rCold    . . .     Gourm    .   (no shield)
rNeg     . . .     Faith    .   (helmet restricted)
rPois    +         Spirit   .   (no amulet)
rElec    .         Reflect  .   h - ring of poison resistance
rCorr    .         Harm     .   (no ring)
MR       .....                  (no ring)
Stlth    +++.......             (no ring)
HPRegen  0.12/turn              (no ring)
MPRegen  0.12/turn              (no ring)
                                (no ring)
                                (no ring)

@: no status effects
A: almost no armour, stealthy swim, amphibious, 8 rings, constrict 8, camouflage
1, gelatinous body 1
a: no special abilities


You were in an ossuary.
You were not hungry.

You visited 1 branch of the dungeon, and saw 5 of its levels.
You also visited: Ossuary.

You collected 208 gold pieces.

Inventory:

Hand Weapons
 r - a cursed -3 trident
Missiles
 a - 94 arrows
 d - 3 silver javelins (quivered)
Armour
 p - a +0 buckler
Jewellery
 h - a ring of poison resistance (left tentacle)
Scrolls
 f - a scroll of fear {unknown}
 g - 4 scrolls of immolation {unknown}
 i - 7 scrolls of identify {unknown}
 j - a scroll of teleportation {unknown}
 n - 3 scrolls of blinking {unknown}
 o - 2 scrolls of enchant armour {unknown}
 q - a scroll of enchant weapon {unknown}
 s - a scroll of magic mapping {unknown}
 v - a scroll of remove curse {unknown}
 w - a scroll of noise {unknown}
Potions
 e - 2 potions of brilliance {unknown}
 k - 3 potions of heal wounds {unknown}
 l - 2 potions of flight {unknown}
 m - 2 potions of lignification {unknown}
 t - a potion of curing {unknown}
 u - a potion of ambrosia {unknown}
Books
 b - a book of Changes

   Spells                             Type                      Level
   a - Beastly Appendage              Transmutation                1
   b - Sticks to Snakes               Transmutation                2
   c - Spider Form                    Transmutation/Poison         3
   d - Ice Form                       Ice/Transmutation            4
   e - Blade Hands                    Transmutation                5
Comestibles
 c - 4 rations


   Skills:
 - Level 1.0 Fighting
 + Level 3.1 Dodging
 + Level 2.2 Stealth
 + Level 1.6 Shields
 * Level 4.8 Unarmed Combat
 + Level 3.0 Spellcasting
 + Level 3.1 Transmutations


You had 7 spell levels left.
You knew the following spells:

 Your Spells              Type           Power        Failure   Level  Hunger
a - Beastly Appendage     Tmut           ##....       4%          1    #......
b - Spider Form           Tmut/Pois      #.........   28%         3    ###....


Dungeon Overview and Level Annotations

Branches:
Dungeon (5/15)
 Temple: D:4-7

Altars:
Gozag
Nemelex Xobeh
Vehumet

Shops:
D:5 **

Annotations:
D:2 1 runed door


Innate Abilities, Weirdness & Mutations

You cannot wear most types of armour.
You are very stealthy in the water. (Stealth+)
You are amphibious.
You can wear up to eight rings at the same time.
You can use your tentacles to constrict eight enemies at once.
Your skin changes colour to match your surroundings (Stealth+).
Your rubbery body absorbs attacks. (AC +1, EV +1)


Message History

You constrict the big kobold zombie, but do no damage.
The adder zombie completely misses you.
You tentacle-slap the big kobold zombie.
You squeeze the big kobold zombie!
The big kobold zombie is severely damaged.
You constrict the big kobold zombie. The big kobold zombie hits you.
* * * LOW HITPOINT WARNING * * *
The adder zombie misses you.
You tentacle-slap the big kobold zombie.
Your tentacle spike misses the big kobold zombie.
The big kobold zombie is severely damaged.
You constrict the big kobold zombie.
The big kobold zombie closely misses you.
The adder zombie bites you.
* * * LOW HITPOINT WARNING * * *
A goblin zombie comes into view.
You release your grip on the big kobold zombie.
Your tentacle spike disappears.
The adder zombie bites you.
You die...

######################
#....Z...ZZ@.........#
#.........Z..........#
#...##############...#
#...# #...# #...#
#...# #...# #...#
#...#.....∩.# #...#
#...# ......# #...#
#...# .....# #...#


You could see an adder zombie, a goblin zombie, a big kobold zombie and a human
zombie.

Vanquished Creatures
  A scorpion (D:4)
  2 centaur zombies
  An iguana (D:5)
  A worker ant (D:4)
  5 adders
  An adder skeleton (D:5)
  A worm (D:3)
  3 dart slugs
  5 leopard geckos
  10 orcs
  5 bats
  5 giant cockroaches
  11 goblins
  6 hobgoblins
  2 jackals (D:4)
  8 kobolds
  3 quokkas
  8 frilled lizards
  6 hobgoblin zombies (Ossuary)
  A jackal zombie (Ossuary)
  3 kobold zombies (Ossuary)
  11 orc zombies (Ossuary)
  10 rats
109 creatures vanquished.

Notes
Turn   | Place    | Note
-------+----------+-------------------------------------------
     0 | D:1      | shakethe the Octopode Transmuter began the quest for the Orb.
     0 | D:1      | Reached XP level 1. HP: 13/13 MP: 3/3
   151 | D:1      | Reached XP level 2. HP: 18/18 MP: 3/5
   729 | D:1      | Reached XP level 3. HP: 23/23 MP: 4/6
  1100 | D:1      | Learned a level 3 spell: Spider Form
  1218 | D:2      | Found a runed door.
  1238 | D:2      | Found a sparkling altar of Nemelex Xobeh.
  1672 | D:2      | Reached XP level 4. HP: 25/28 MP: 5/7
  1706 | D:2      | Found a radiant altar of Vehumet.
  2037 | D:3      | Found an opulent altar of Gozag.
  2213 | D:3      | Reached skill level 4 in Unarmed Combat
  2542 | D:3      | Reached XP level 5. HP: 29/33 MP: 6/8
  2990 | D:4      | Reached skill level 1 in Shields
  3403 | D:4      | Reached skill level 1 in Stealth
  3771 | D:4      | Reached XP level 6. HP: 14/38 MP: 10/10
  4263 | D:5      | Entered Level 5 of the Dungeon
  4306 | D:5      | Found Zecradd's Assorted Antiques.
  4355 | D:5      | Noticed an ice beast
  4444 | D:5      | Found Roant's General Store.
  4775 | D:5      | Found a sand-covered staircase.
  4784 | Ossuary  | Entered an ossuary
  4990 | Ossuary  | Slain by an adder zombie

Skill      XL: |  1  2  3  4  5  6 |
---------------+-------------------+-----
Unarmed Combat | 4 |  4.8
Shields        | 1 |  1.6
Stealth        | 1 2 |  2.2
Transmutations | 3 |  3.1
Dodging        | 3 |  3.1
Spellcasting   | 3 |  3.0
Fighting       | |  1.0

Action                   |  1- 3 |  4- 6 || total
-------------------------+-------+-------++-------
Melee: Unarmed           |    81 |   165 ||   246
       Constrict         |    24 |    48 ||    72
       Kick              |    13 |    43 ||    56
       Tentacles         |     9 |    34 ||    43
       Punch             |     2 |     5 ||     7
 Cast: Beastly Appendage |    25 |    37 ||    62
 Stab: Sleeping          |     1 |     6 ||     7
  Eat: Chunk             |     3 |     5 ||     8
       Ration            |       |     2 ||     2
Armor: Skin              |     1 |     9 ||    10
Dodge: Dodged            |    54 |   109 ||   163
Block: Buckler           |       |     1 ||     1
